 Dungeon Crawl Stone Soup version 0.18-a0-943-g2c08dd4 (webtiles) character file.

109 Grimpse the Insei (level 4, -1/23 HPs)
             Began as a Vine Stalker Monk on Dec 29, 2015.
             Slain by GeneralIdiocy's ghost (2 damage)
             ... on level 3 of the Dungeon.
             The game lasted 00:11:36 (2006 turns).

Grimpse the Insei (Vine Stalker Monk)               Turns: 2006, Time: 00:11:36

Health: -1/23      AC:  3    Str: 14    XL:     4   Next: 89%
Magic:  0/5        EV: 14    Int: 10    God:
Gold:   174        SH:  0    Dex: 17    Spells: 0 memorised, 3 levels left

rFire  x . .     SeeInvis .     m - +0 quarterstaff
rCold  + . .     Gourm    .     k - +0 robe
rNeg   . . .     Faith    .     (shield currently unavailable)
rPois  .         Spirit   +     p - +0 helmet
rElec  .         Dismiss  .     (no cloak)
rCorr  .         Reflect  .     (no gloves)
SustAt .         Harm     .     (no boots)
MR     .....                    (no amulet)
Stlth  ++........               (no ring)
                                h - ring of ice

@: not resistant to hostile enchantments, unstealthy
A: fangs 2, regeneration 1, magic shield, antimagic bite, no device heal 3, rot
immunity
a: no special abilities


You were on level 3 of the Dungeon.
You were not hungry.

You visited 1 branch of the dungeon, and saw 3 of its levels.

You collected 174 gold pieces.

Inventory:

Hand Weapons
 m - a +0 quarterstaff (weapon)
Armour
 a - a +0 robe
 i - a +0 ring mail
 k - a +0 robe (worn)
 p - a +0 helmet (worn)
Jewellery
 h - a ring of ice (left hand)
Scrolls
 d - a scroll of blinking
 q - a scroll of random uselessness {unknown}
Potions
 e - a potion of brilliance
 j - a potion of haste
 l - a potion of heal wounds
 n - a potion of curing
 r - a potion of ambrosia {unknown}
Comestibles
 b - 3 bread rations
 c - 2 meat rations
 f - a royal jelly
 g - 2 chunks of flesh
 o - a slice of pizza


   Skills:
 - Level 2.9 Fighting
 * Level 0.8 Staves
 * Level 3.5 Dodging
 - Level 2.4 Stealth
 - Level 4.8 Unarmed Combat


You had 3 spell levels left.
You didn't know any spells.

Dungeon Overview and Level Annotations

Branches:
Dungeon (3/15)

Altars:
Gozag
Kikubaaqudgha
Sif Muna
Zin

Annotations:
D:3 GeneralIdiocy's ghost, amateur KoAr


Innate Abilities, Weirdness & Mutations

You have extremely sharp teeth.
Your natural rate of healing is unusually fast.
When hurt, damage is shared between your health and your magic reserves.
Your bite disrupts and absorbs the magic of your enemies.
Potions and wands cannot restore your health.
You are immune to rotting.


Message History

GeneralIdiocy's ghost hits you.
You barely miss GeneralIdiocy's ghost.
GeneralIdiocy's ghost is almost destroyed.
GeneralIdiocy's ghost hits you.
* * * LOW HITPOINT WARNING * * *
GeneralIdiocy's ghost misses you. That would not heal you.
Sorry, you're not good enough to have a special ability.
GeneralIdiocy's ghost hits you.
* * * LOW HITPOINT WARNING * * *
You have no ailments to cure.
You completely miss GeneralIdiocy's ghost.
Your bite misses GeneralIdiocy's ghost.
GeneralIdiocy's ghost is almost destroyed.
GeneralIdiocy's ghost hits you.
* * * LOW HITPOINT WARNING * * *
You barely miss GeneralIdiocy's ghost.
GeneralIdiocy's ghost is almost destroyed.
GeneralIdiocy's ghost hits you.
You die...

. #.# # #.# # #.##### #
#.....#######
#.###.......#
#.#P..P..P#.##
...#######.P..♣≈♣....P#
......W...P..≈≈♣≈≈...♣#
...####@♣....♣≈≈≈≈P..#
#....≈♣≈≈≈≈♣..P#
#..†..≈≈♣≈..PP##
#....♣♣.≈♣..P##
##.....PP(.♣##
###...##### #####


You could see GeneralIdiocy's ghost.

Vanquished Creatures
  3 adders
  3 worms
  6 giant geckos
  4 orcs (D:3)
  5 bats
  A bat zombie (D:2)
  3 giant cockroaches
  8 goblins
  3 hobgoblins
  4 jackals
  11 kobolds
  6 giant newts
  8 rats
  A rat zombie (D:2)
66 creatures vanquished.

Notes
Turn   | Place    | Note
--------------------------------------------------------------
     0 | D:1      | Grimpse the Vine Stalker Monk began the quest for the Orb.
     0 | D:1      | Reached XP level 1. HP: 11/11 MP: 2/2
    44 | D:1      | Reached XP level 2. HP: 16/16 MP: 3/3
   197 | D:1      | Reached XP level 3. HP: 16/19 MP: 4/4
   683 | D:2      | Found a glowing silver altar of Zin.
   807 | D:2      | Found an ancient bone altar of Kikubaaqudgha.
   952 | D:2      | Gained mutation: Your flesh is heat resistant. [potion of mutation]
   952 | D:2      | Gained mutation: You have an increased reservoir of magic (+10% MP). [potion of mutation]
   983 | D:2      | Lost mutation: You have an increased reservoir of magic (+10% MP). [potion of cure mutation]
   983 | D:2      | Lost mutation: Your flesh is heat resistant. [potion of cure mutation]
  1045 | D:2      | Reached XP level 4. HP: 14/23 MP: 3/5
  1268 | D:2      | Found a deep blue altar of Sif Muna.
  1773 | D:3      | Found an opulent altar of Gozag.
  1984 | D:3      | Noticed GeneralIdiocy's ghost (amateur KoAr)
  2005 | D:3      | HP: 1/23 [GeneralIdiocy's ghost (1)]
  2006 | D:3      | Slain by GeneralIdiocy's ghost

Vault maps used:
D:1:      mrwooster_arrival_statue, serial_bayou_pond_b
D:2:      overflow_temple_1_default, led_sif_pool,
          lemuel_zombie_altar_kikubaaqudgha, first_bread
D:3:      serial_bayou_pond_a, nicolae_gozag_seed_capital

Action                   |  1- 3 |  4- 6 || total
-------------------------+-------+-------++-------
Melee: Unarmed           |   100 |       ||   100
       Quarterstaff      |    21 |    99 ||   120
  Use: Potion            |     5 |     3 ||     8
       Scroll            |     3 |       ||     3
 Stab: Sleeping          |     8 |     3 ||    11
       Distracted        |       |     1 ||     1
  Eat: Chunk             |     1 |     2 ||     3
       Pizza             |       |     1 ||     1
